 Dungeon Crawl Stone Soup version 0.30-a0-989-g0d87f670db (webtiles) character file.

Game seed: 4208444214807734766

133 jasper the Magician (level 4, -2/33 HPs)
             Began as a Demigod Air Elementalist on Apr 3, 2023.
             Slain by an ogre
             ... wielding a +0 giant spiked club
              (29 damage)
             ... on level 4 of the Dungeon.
             The game lasted 00:04:03 (3073 turns).

jasper the Magician (Demigod Air Elementalist)      Turns: 3073, Time: 00:04:03

Health: -2/33      AC:  3    Str:  9    XL:     4   Next: 64%
Magic:  5/13       EV: 12    Int: 21    God:
Gold:   61         SH:  0    Dex: 14    Spells: 1/11 levels left

rFire   . . .      SeeInvis .    g - +0 trident
rCold   . . .      Faith    .    (no shield)
rNeg    . . .      Spirit   .    a - +0 robe
rPois   +          Reflect  .    (no helmet)
rElec   .          Rampage  .    (no cloak)
rCorr   .                        (no gloves)
Will    .....                    l - +0 pair of boots
Stlth   ++                       (no amulet)
HPRegen 0.25/turn                p - ring of poison resistance
MPRegen 0.13/turn                (no ring)

@: no status effects
A: high MP 1, forlorn, divine attributes
a: no special abilities


You were on level 4 of the Dungeon.
You visited 1 branch of the dungeon, and saw 4 of its levels.

You collected 121 gold pieces.
You spent 60 gold pieces at shops.

Inventory:

Hand Weapons
 g - a +0 trident (weapon)
Missiles
 i - 4 boomerangs
Armour
 a - a +0 robe (worn)
 l - a +0 pair of boots (worn)
Jewellery
 f - a ring of fire
 p - a ring of poison resistance (left hand)
 u - a ring of flight
Wands
 e - a wand of roots (17)
Scrolls
 c - 2 scrolls of identify
 d - a scroll of silence
 j - a scroll of noise
 o - a scroll of poison
Potions
 b - a potion of magic
 h - 4 potions of might
 k - 4 potions of lignification
 m - 3 potions of curing
 n - a potion of attraction
 q - a potion of ambrosia
 r - a potion of mutation


   Skills:
 - Level 1.7 Dodging
 - Level 1.7 Stealth
 - Level 4.0 Spellcasting
 - Level 0.8 Conjurations
 + Level 3.3 Air Magic


You had one spell level left.
You knew the following spells:

 Your Spells              Type           Power      Damage    Failure   Level
a - Shock                 Conj/Air       52%        1d6       4%          1
b - Static Discharge      Conj/Air       26%        2-4/arc   8%          2
c - Swiftness             Air            18%        N/A       9%          3
d - Airstrike             Air            9%         2d(2-18)  30%         4

Your spell library contained the following spells:

 Spells                   Type           Power      Damage    Failure   Level
 Dazzling Flash           Conj/Hex       12%        N/A       30%         3
 Hailstorm                Conj/Ice       6%         3d4       30%         3
 Ice Form                 Ice/Tmut       4%         N/A       75%         4
 Silence                  Hex/Air        5%         N/A       86%         5
 Agony                    Necr           4%         N/A       97%         5
 Simulacrum               Ice/Necr       2%         N/A       100%        6


Dungeon Overview and Level Annotations

Branches:
Dungeon (4/15)
 Temple: D:4-7

Shops:
D:3 !


Innate Abilities, Weirdness & Mutations

You have an increased reservoir of magic. (+10% MP)
You shall have no god before yourself.
Your divine heritage dramatically boosts your attributes as you level up.


Message History

Casting: Shock (safe; 4% risk of failure)
Confirm with . or Enter, or press ? or * to list all spells.
Aiming: Shock (safe; 4% risk of failure)
Press: ? - help, Shift-Dir - straight line The zap hits the ogre.
The ogre is moderately wounded.
The zap hits the ogre.
The ogre is moderately wounded.
You now have 11/13 mp.
Aiming: Shock (safe; 4% risk of failure)
Press: ? - help, Q - select action, (/) - cycle Shift-Dir - straight line The zap hits the ogre.
The ogre is moderately wounded.
You now have 10/13 mp.
Casting: Shock (safe; 4% risk of failure)
Confirm with . or Enter, or press ? or * to list all spells.
The ogre is struck by an arc of lightning.
The ogre is heavily wounded.
You are struck by an arc of lightning.
The ogre is struck by an arc of lightning.
The ogre is severely wounded.
The lightning grounds out.
The ogre barely misses you.
You take 2 damage, and have 31/33 hp.
You now have 8/13 mp.
Casting: Static Discharge (safe; 8% risk of failure)
Confirm with . or Enter, or press ? or * to list all spells.
The ogre is struck by an arc of lightning.
The ogre is almost dead.
You are struck by an arc of lightning.
The ogre is struck by an arc of lightning.
The ogre is almost dead.
The lightning grounds out.
You take 3 damage, and have 28/33 hp.
You now have 7/13 mp.
Casting: Static Discharge (safe; 8% risk of failure)
Confirm with . or Enter, or press ? or * to list all spells.
The ogre is struck by an arc of lightning.
The ogre is almost dead.
You are struck by an arc of lightning.
The lightning grounds out.
The ogre hits you with a +0 giant spiked club!!
Ouch! That really hurt!
You die...

......#........## .# #.
#......##...##.#.....
#..###>##....#.........
..#.....####...........
........###...#.....?.
........†.......##...
...........#...## .# #
..........###..####.##....
................@O.....#
..#...###..##...>........#
...### ##.##.#####....#.#
.#. .##.# ###.... # .....
##. .... ..... .....


You could see an ogre.

Vanquished Creatures
  An iguana (D:4)
  4 adders
  2 worms
  2 dart slugs
  An orc (D:4)
  3 bats
  4 endoplasms
  6 giant cockroaches
  6 goblins
  6 hobgoblins
  4 jackals (D:3)
  A quokka (D:3)
  7 ball pythons
  2 frilled lizards (D:1)
  A kobold (D:3)
  10 rats
60 creatures vanquished.

Notes
Turn   | Place    | Note
-------+----------+-------------------------------------------
     0 | D:1      | jasper the Demigod Air Elementalist began the quest for the
                  | Orb.
     0 | D:1      | Reached XP level 1. HP: 14/14 MP: 5/5
    45 | D:1      | Reached skill level 2 in Spellcasting
   722 | D:1      | Reached XP level 2. HP: 20/20 MP: 5/8
   779 | D:1      | Learned a level 2 spell: Static Discharge
  1016 | D:2      | Reached skill level 3 in Spellcasting
  1124 | D:2      | Reached XP level 3. HP: 23/26 MP: 1/10
  1171 | D:2      | Learned a level 3 spell: Swiftness
  2523 | D:3      | Reached XP level 4. HP: 33/33 MP: 6/12
  2528 | D:3      | Learned a level 4 spell: Airstrike
  2603 | D:3      | Found Janof's Distillery.
  2672 | D:3      | Bought 2 potions of curing for 60 gold pieces
  2903 | D:4      | Reached skill level 4 in Spellcasting
  3064 | D:4      | Noticed an ogre
  3073 | D:4      | Slain by an ogre

Illustrated notes

Levels and vault maps discovered:
D:1:      scummos_arrival_star, layout_loops_ring, supply_closet_lemuel
D:2:      layout_rooms
D:3:      layout_rooms, grunt_dithmenos_smoke_and_mirrors,
          mainiacjoe_overflow_chevrons, serial_shops, shop
D:4:      layout_rooms, minmay_goblin_kobold_house, uniq_menkaure, uniq_natasha

Skill      XL: |  1  2  3  4 |
---------------+-------------+-----
Spellcasting   | 2 3 4 |  4.0
Air Magic      | 3 |  3.3
Dodging        | |  1.7
Stealth        | |  1.7
Conjurations   | |  0.8

Action                     |  1- 3 |  4- 6 || total
---------------------------+-------+-------++-------
  Melee: Trident           |    10 |       ||    10
   Cast: Shock             |   104 |    31 ||   135
         Static Discharge  |     2 |     9 ||    11
    Use: Scroll            |     9 |     5 ||    14
 Armour: Robe              |     2 |     1 ||     3
  Dodge: Dodged            |    26 |     7 ||    33

Table legend: (Time is in decaauts)
 A = Elapsed time spent in this place.
 B = Non-inter-level travel time spent in this place.
 C = Inter-level travel time spent in this place.
 D = Time resting spent in this place.
 E = Time spent auto-exploring this place.
 F = Levels seen in this place.
 G = Mean time per level.
                   A        B        C        D        E       F      G
               +--------+--------+--------+--------+--------+-----+--------+
         Total |   3073 |   2996 |     77 |    152 |   2469 |   4 |  768.2 |
       Dungeon |   3073 |   2996 |     77 |    152 |   2469 |   4 |  768.2 |
               +--------+--------+--------+--------+--------+-----+--------+

Top non-repeatable levels by time:
     D:2: 953 daAuts
     D:1: 916 daAuts
     D:3: 900 daAuts
     D:4: 302 daAuts
